[Event "2. kolo JP družstev 2019/2020"]
[Site "Jesenik, Czech Republic"]
[Date "2019.10.19"]
[Round "1.1"]
[White "Taborsky, Bedrich JES_C"]
[Black "Cechacek, Miroslav SKO"]
[Result "0-1"]
[TimeControl "3600+10"]
[WhiteElo "1625"]
[BlackElo "1647"]

1. e4 c5 2. f4 Nc6 3. Nf3 Nf6 4.
e5 Nh5 5. d4 cxd4 6. Nxd4 Nxd4 7. Qxd4 g6 8. e6 Bg7 9. exf7+ Kxf7 10. Bc4+ e6 11. Qd2 Qb6 12. c3 Rf8 13. Na3 Kg8 14. Rf1 a6 15. Be2 Nf6 16.
Nc4 Qc7 17. Nd6 Nd5 18. Nxc8 Raxc8 19. c4 Nb6 20. Rf3 Nxc4 21. Bxc4 Qxc4 22. Qxd7 Rfd8 23. Qxb7 Qd4 24. Be3 Qxb2 25. Qxb2 Bxb2 26. Rb1 Rc2 27.
Kf1 Rd3 28. Rf2 Rxf2+ 29. Kxf2 Bd4 30.
Rb3 Bxe3+ 31. Ke2 Rxb3 32. axb3 Bxf4 33. g3 Bc7 34. Kd3 Kf7 35. Kc4 Ke7 36. Kc5 Kd7 37. b4 h5 38. Kd4 Kd6 39. Ke4 e5 40. h3 Ke6 41. g4 h4 0-1

[Event "2. kolo JP družstev 2019/2020"]
[Site "Jesenik, Czech Republic"]
[Date "2019.10.19"]
[Round "1.2"]
[White "Macik, Milan SKO"]
[Black "Koritak, Pavel st. JES_C"]
[Result "1/2-1/2"]
[TimeControl "3600+10"]
[WhiteElo "1570"]
[BlackElo "1501"]

1. d4 Nf6 2. c4 e6 3. Nf3 h6 4. Nc3 c6 5. a3 d5 6.
e3 Bd6 7. Bd3 Nbd7 8. O-O O-O 9.
Bd2 e5 10. dxe5 Nxe5 11. Nxe5 Bxe5 12.
cxd5 Nxd5 13. Nxd5 Qxd5 14. Bc3 Bxc3 15. bxc3 Be6 16. Be2 Qe4 17. Bf3 Qe5 18. Qc2 Rad8 19. Rfd1 Qc7 20. Rxd8 Rxd8 21.
Rd1 Rxd1+ 22. Bxd1 Qa5 23. Qb2 1/2-1/2

[Event "2. kolo JP družstev 2019/2020"]
[Site "Jesenik, Czech Republic"]
[Date "2019.10.19"]
[Round "1.3"]
[White "Sramko, Pavel JES_C"]
[Black "Valak, Josef SKO"]
[Result "0-1"]
[TimeControl "3600+10"]
[WhiteElo "1267"]
[BlackElo "1696"]

1. d4 d5 2. Nf3 e6 3. Nc3 Nc6 4. g3 Be7 5. Bg2 Bf6 6. e3 Nge7 7. b3 a6 8. O-O O-O 9. Ne2 b5 10.
Ba3 b4 11. Ne5 Bxe5 12. dxe5 bxa3 0-1

[Event "2. kolo JP družstev 2019/2020"]
[Site "Jesenik, Czech Republic"]
[Date "2019.10.19"]
[Round "1.4"]
[White "Hlasny, Karel SKO"]
[Black "Suchanek, Zdenek JES_C"]
[Result "1-0"]
[TimeControl "3600+10"]
[WhiteElo "1000"]
[BlackElo "1000"]

1. d4 e6 2. e4 d6 3. Nc3 a6 4. Nf3 h6 5. Be2 Ne7 6. O-O Ng6 7. a3 b6 8. e5 d5 9. Be3 Be7 10.
Qd3 Bb7 11. b4 Bc6 12. Nd2 Qd7 13. Bh5 Nf8 14. Nb3 g6 15. Be2 Qd8 16. Qd2 g5 17. b5 Bb7 18. a4 a5 19. f4 gxf4 20.
Bxf4 Ng6 21. Bxh6 Bb4 22. Rf3 Bxc3 23. Rxc3 Qe7 24. Rf1 Nd7 25. Rxc7 Bc8 26. Bg5 Qf8 27. Bd3 Qg8 28. Bxg6 Qxg6 29.
Rc3 Ra7 30. Rg3 Qe4 31. Qf2 Qh7 32. Rh3 Qg8 33. Rxh8 1-0

[Event "2. kolo JP družstev 2019/2020"]
[Site "Jesenik, Czech Republic"]
[Date "2019.10.19"]
[Round "1.5"]
[White "Benda, Josef JES_C"]
[Black "Hutnik, Jan SKO"]
[Result "0-1"]
[TimeControl "3600+10"]
[WhiteElo "1000"]
[BlackElo "1000"]

1. e3 e5 2. Nf3 Nc6 3. c3 Nf6 4. h3 Bd6 5. g3 O-O 6. Bg2 e4 7. Nd4 Ne5 8. Qc2 Nd3+ 9. Kf1 b6 10.
f3 Ba6 11. c4 Bb7 12. fxe4 Nxc1 13. Qxc1 Bxe4 14. Rg1 Bxg2+ 15. Rxg2 Ne4 16. g4 Qf6+ 17. Kg1 Bg3 18. Qf1 Qh4 19.
Qf3 Rae8 20. Ne2 Be1 21. Nbc3 Nxd2 22. Ng3 Nxf3+ 23. Kh1 Qxh3+ 24. Rh2 0-1

[Event "2. kolo JP družstev 2019/2020"]
[Site "Jesenik, Czech Republic"]
[Date "2019.10.19"]
[Round "1.6"]
[White "Till, Eduard RET_C"]
[Black "Valicek, Martin JES_D"]
[Result "1-0"]
[TimeControl "3600+10"]
[WhiteElo "1617"]
[BlackElo "1390"]

1. Nf3 Nc6 2. c4 e5 3. d3 d6 4. g3 Bg4 5. Bg2 Bxf3 6. Bxf3 Qd7 7. Bg2 O-O-O 8. O-O Nf6 9. a3 d5 10. b3 dxc4 11. bxc4 e4 12. Be3 exd3 13. exd3 Qxd3 14. Qa4 Ne4 15. Bxa7 Nxa7 16. Qxa7 Qxc4 17. Qa8+ Kd7 18. Qxb7 Nd6 19.
Qf3 g6 20. Nd2 Qa6 21. Ne4 f5 22. Nc5+ 1-0

[Event "2. kolo JP družstev 2019/2020"]
[Site "Jesenik, Czech Republic"]
[Date "2019.10.19"]
[Round "1.7"]
[White "Dockal, Karel ml. JES_D"]
[Black "Basler, Jan RET_C"]
[Result "0-1"]
[TimeControl "3600+10"]
[WhiteElo "1405"]
[BlackElo "1277"]

1. d4 d5 2. c4 e6 3. Nc3 Nf6 4. Bg5 h6 5. Bxf6 Qxf6 6. e3 Bb4 7. Qa4+ Nc6 8. cxd5 exd5 9. Bb5 Bxc3+ 10. bxc3 Bd7 11. Nf3 O-O 12. O-O a6 13. Bxc6 Bxc6 14. Qc2 Bd7 15. Ne5 Bf5 16. Qb3 Qg5 17. f4 Qh5 18. Qxd5 c6 19.
Qf3 Qxf3 20. Rxf3 Rfe8 21. Rb1 Bxb1 22. a4 Be4 23. Rg3 Bf5 24. Nc4 b5 25. Nd6 Bg6 26. Nxe8 Rxe8 27. axb5 axb5 28.
Kf2 Ra8 29. Kf3 Ra3 30. h4 Rxc3 31. Rh3 Bf5 32.
g4 Be6 33. f5 Bd5+ 34. Kf4 b4 35. g5 hxg5+ 36. hxg5 b3 37. Rh2 Rc2 38. Rh3 b2 39. e4 b1=Q 40. exd5 cxd5 0-1

[Event "2. kolo JP družstev 2019/2020"]
[Site "Jesenik, Czech Republic"]
[Date "2019.10.19"]
[Round "1.8"]
[White "Pirek, David RET_C"]
[Black "Haidenko, Mykola JES_D"]
[Result "1-0"]
[TimeControl "3600+10"]
[WhiteElo "1092"]
[BlackElo "1305"]

1. e4 e5 2. Nf3 Nc6 3. Nc3 Nf6 4. Bc4 Bb4 5. O-O O-O 6. d3 Bxc3 7. bxc3 d5 8. Bb5 Bg4 9. Bxc6 bxc6 10. c4 dxe4 11. dxe4 Qxd1 12.
Rxd1 Bxf3 13. gxf3 Rfd8 14. Rxd8+ Rxd8 15. Bg5 Rd6 16. c5 Rd2 17. Bxd2 Nd7 18. Rb1 a6 19. Rb7 h6 20. Rxc7 Nxc5 21.
Rxc6 Nd7 22. Rxa6 Kf8 23. Bb4+ Ke8 24. Ra8+ 1-0

[Event "2. kolo JP družstev 2019/2020"]
[Site "Jesenik, Czech Republic"]
[Date "2019.10.19"]
[Round "1.9"]
[White "Liewehr, Robert JES_D"]
[Black "Robotka, Tobias RET_C"]
[Result "1-0"]
[TimeControl "3600+10"]
[WhiteElo "1259"]
[BlackElo "1100"]

1. e4 e5 2. Nf3 Nc6 3. d4 d6 4. dxe5 Qe7 5. Bg5 Nf6 6. exf6 Qxe4+ 7. Qe2 Qxe2+ 8. Bxe2 Bg4 9. O-O O-O-O 10. h3 Bf5 11. fxg7 Bxg7 12. Bxd8 Rxd8 13. c3 h5 14. Nbd2 Re8 15. Rfe1 Rg8 16. Bb5 Bf6 17. Kh2 Ne5 18.
Nxe5 Bxe5+ 19. g3 a6 20. Bc4 h4 21. Rxe5 dxe5 22. Nf3 e4 23. Nxh4 Rd8 24. Nxf5 Rd2 25. Kg2 Rxb2 26. Bxf7 Kd8 27. Re1 b5 28. Rxe4 a5 29. Rd4+ Kc8 30.
Ne7+ Kb7 31. Bd5+ Kb6 32. Nc8+ Kc5 33. h4 b4 34. Bf7 bxc3 35. Rc4+ Kb5 36. Rxc3 Rxa2 37. Bxa2 Kb4 38. Re3 a4 39. h5 c5 40. h6 c4 41.
Bxc4 Kxc4 42. h7 Kb4 43. h8=Q a3 44. Qc3+ Kb5 45. Re4 a2 46. Qa1 Kc6 47.
Qxa2 Kc5 48. Qc4# 1-0

[Event "2. kolo JP družstev 2019/2020"]
[Site "Jesenik, Czech Republic"]
[Date "2019.10.19"]
[Round "1.10"]
[White "Bilek, Adam RET_C"]
[Black "Dockal, Karel st. JES_D"]
[Result "1/2-1/2"]
[TimeControl "3600+10"]
[WhiteElo "1000"]
[BlackElo "1000"]

1. e4 e5 2. Nf3 Nc6 3. Nc3 Nf6 4. Bc4 h6 5. O-O Bc5 6. d3 Nd4 7. Nxd4 Bxd4 8. Bd2 O-O 9. Rb1 c6 10.
Qf3 d6 11. Qg3 Kh8 12. Be3 c5 13. Bxd4 cxd4 14. Nd5 Be6 15. Nxf6 Qxf6 16. Bxe6 Qxe6 17. c3 Qxa2 18. cxd4 Rfe8 19.
dxe5 dxe5 20. b4 b5 21. Ra1 Qb2 22. Rab1 Qd4 23. Rfe1 a5 24. Qe3 1/2-1/2

[Event "2. kolo JP družstev 2019/2020"]
[Site "Jesenik, Czech Republic"]
[Date "2019.10.19"]
[Round "1.11"]
[White "Tschulik, Daniel JES_F"]
[Black "Cimburek, Jan RET_B"]
[Result "0-1"]
[TimeControl "3600+10"]
[WhiteElo "1000"]
[BlackElo "1638"]

1. e4 c5 2. Bc4 g6 3. d3 Bg7 4. Nc3 e6 5. Nf3 Ne7 6. Be3 d6 7. Qd2 O-O 8. O-O-O Nbc6 9. a3 a6 10.
Kb1 b5 11. Ba2 Rb8 12. g3 a5 13. h4 b4 14. axb4 axb4 15. Ne2 Ra8 16. Ka1 Qa5 17. Nc1 Bc3 18. Qe2 Qa3 19. Bd4 Qxb2# 0-1

[Event "2. kolo JP družstev 2019/2020"]
[Site "Jesenik, Czech Republic"]
[Date "2019.10.19"]
[Round "1.12"]
[White "Cupr, Radomir RET_B"]
[Black "Vanicek, Daniel JES_F"]
[Result "1-0"]
[TimeControl "3600+10"]
[WhiteElo "1556"]
[BlackElo "1000"]

1. d4 d5 2. Nf3 Nc6 3. e3 Bf5 4. c4 e6 5. c5 b6 6. b4 bxc5 7. bxc5 Nf6 8. Bb5 Qd7 9. Qa4 a6 10. Bxc6 Qxc6 11. Qxc6+ Ke7 12. Qxa8 g6 13. Ne5 Bg7 14. Qc6 Rd8 15. Qxc7+ Nd7 16. c6 Bxe5 17. dxe5 h5 18. cxd7 Rxd7 19.
Ba3+ Kf8 20. Qxd7+ Bxb1 21. Rxb1+ Kg7 22. Rb8 Kh6 23.
Qxf7 Kg5 24. Qf6+ Kg4 25. f3# 1-0

[Event "2. kolo JP družstev 2019/2020"]
[Site "Jesenik, Czech Republic"]
[Date "2019.10.19"]
[Round "1.13"]
[White "Vanicek, Vojtech JES_F"]
[Black "Till, Jaroslav RET_B"]
[Result "0-1"]
[TimeControl "3600+10"]
[WhiteElo "1000"]
[BlackElo "1497"]

1. e4 d5 2. exd5 Qxd5 3. Nc3 Qa5 4. Bc4 Nf6 5. Nf3 Bg4 6.
O-O e6 7. h3 Bh5 8. d3 c6 9. a3 Bd6 10. b4 Bxb4 11. Bb2 Bxc3 12. Bxc3 Qxc3 13. Rb1 b5 14. Bb3 a5 15. a4 b4 16.
Bc4 Bxf3 17. gxf3 Qe5 18. Kh1 Qf5 19. Rg1 Qxh3# 0-1

[Event "2. kolo JP družstev 2019/2020"]
[Site "Jesenik, Czech Republic"]
[Date "2019.10.19"]
[Round "1.14"]
[White "Ondrackova, Veronika RET_B"]
[Black "Pojmon, Lukas JES_F"]
[Result "1-0"]
[TimeControl "3600+10"]
[WhiteElo "1000"]
[BlackElo "1000"]

1. e4 e5 2. Nf3 Bb4 3. Bc4 Nf6 4. Nxe5 Qe7 5. Nxf7 Qxe4+ 6. O-O Qxc4 7. Nxh8 Bd6 8. Na3 Qd5 9. Re1+ Ne4 10. b3 Qe5 11. f3 Qxh2+ 12. Kf1 Qh1+ 13. Ke2 Qxg2+ 14. Ke3 Qf2+ 15. Kxe4 Qh4+ 16. Kd3+ Kd8 17. Bb2 Nc6 18. Nf7# 1-0

[Event "2. kolo JP družstev 2019/2020"]
[Site "Jesenik, Czech Republic"]
[Date "2019.10.19"]
[Round "1.15"]
[White "Vanicek, Matyas JES_F"]
[Black "Ondracek, Daniel RET_B"]
[Result "1-0"]
[TimeControl "3600+10"]
[WhiteElo "1000"]
[BlackElo "1000"]

1. e4 e5 2. Bb5 Nc6 3.
Nc3 Bc5 4. Nf3 Nf6 5. d3 O-O 6. Bg5 h6 7. Bxf6 gxf6 8. O-O Kh8 9. Nd5 Rg8 10. Bxc6 bxc6 11. Nc3 Ba6 12. Na4 Bf8 13.
Qd2 Rb8 14. b3 Bb4 15. Qxh6# 1-0